 Dungeon Crawl Stone Soup version 0.21-a0-521-g1cd18d1 (webtiles) character file.

185 solxrula the Cudgeler (level 5, 0/53 HPs)
             Began as a Troll Berserker on Dec 6, 2017.
             Was a Believer of Trog.
             Slain by a gnoll
             ... wielding a +0 spear
              (7 damage)
             ... on level 3 of the Dungeon.
             The game lasted 00:08:00 (2125 turns).

solxrula the Cudgeler (Troll Berserker)             Turns: 2125, Time: 00:08:01

Health: 0/53       AC:  5    Str: 26    XL:     5   Next: 37%
Magic:  4/4        EV: 10    Int:  3    God:    Trog [**....]
Gold:   166        SH:  0    Dex:  9    Spells: 4/4 levels left

rFire    . . .     SeeInvis .   a - +0 mace
rCold    + . .     Gourm    +   (no shield)
rNeg     . . .     Faith    .   b - +0 animal skin
rPois    .         Spirit   .   (helmet restricted)
rElec    .         Reflect  .   (no cloak)
rCorr    .         Harm     .   (gloves unavailable)
MR       .....                  (boots unavailable)
Stlth    +.........             (no amulet)
HPRegen  0.57/turn              g - ring of protection from cold
MPRegen  0.09/turn              (no ring)

@: berserk cooldown, slowed, very slow
A: large, unfitting armour, claws 3, fast metabolism 3, gourmand, regeneration
1, shaggy fur 1, tough skin 2
a: Berserk, Trog's Hand, Burn Spellbooks, Renounce Religion


You were on level 3 of the Dungeon.
You worshipped Trog.
Trog was pleased with you.
You were very full.

You visited 1 branch of the dungeon, and saw 3 of its levels.

You collected 166 gold pieces.

Inventory:

Hand Weapons
 a - a +0 mace (weapon)
Armour
 b - a +0 animal skin (worn)
Jewellery
 f - a +3 amulet of reflection {unknown}
 g - a ring of protection from cold (left claw)
Scrolls
 d - 5 scrolls of identify
 e - 5 scrolls of teleportation
Potions
 h - a potion of heal wounds
Books
 i - a book of Minor Magic

   Spells                             Type                      Level
   a - Magic Dart                     Conjuration                  1
   b - Blink                          Translocation                2
   c - Call Imp                       Summoning                    2
   d - Slow                           Hexes                        2
   e - Conjure Flame                  Conjuration/Fire             3
   f - Mephitic Cloud                 Conjuration/Poison/Air       3
   Trog disapproves of the use of such an item.
Comestibles
 c - 4 bread rations


   Skills:
 + Level 3.0 Fighting
 * Level 4.7 Maces & Flails
 + Level 3.1 Dodging
 + Level 0.1 Stealth


You had 4 spell levels left.
You didn't know any spells.

Dungeon Overview and Level Annotations

Branches:
Dungeon (3/15)

Altars:
Gozag


Innate Abilities, Weirdness & Mutations

You are too large for most types of armour.
You have claws for hands.
Your metabolism is lightning-fast.
You like to eat raw meat.
Your natural rate of healing is unusually fast.
You are covered in fur. (AC +1)
You have very tough skin. (AC +2)


Message History

You closely miss the gnoll.
The gnoll is severely wounded.
The gnoll hits you but does no damage. The leopard gecko closely misses you.
The gnoll hits you but does no damage. The leopard gecko bites you.
You completely miss the gnoll.
The gnoll is severely wounded.
The leopard gecko barely misses you.
The gnoll drinks a potion.
The gnoll is healed!
The leopard gecko bites you. The gnoll hits you with a spear.
You hit the gnoll.
The gnoll is heavily wounded.
The leopard gecko bites you. The gnoll hits you but does no damage.
The leopard gecko barely misses you. The gnoll hits you with a spear!
* * * LOW HITPOINT WARNING * * *
You hit the gnoll.
The gnoll is severely wounded.
The leopard gecko bites you.
* * * LOW HITPOINT WARNING * * *
The gnoll hits you with a spear!
You die...

#..........# #...#
#..........# #...###
#.<........#####......
#..................#
#..........#.....#.#
#..........#.....#
...........#.....#
..........##...g)#
..........######@#
..........# #l#
..........# #s#
........... ...
......... .#...
........ ..#.... ..
#..... ... #....## ...
#.#.##


You could see a gnoll, a leopard gecko and a giant cockroach.

Vanquished Creatures
  7 gnolls
  5 adders
  An ooze (D:2)
  3 worms
  A dart slug (D:1)
  2 leopard geckos
  A ball python (D:3)
  5 bats
  3 giant cockroaches
  7 goblins
  8 hobgoblins
  3 jackals (D:1)
  2 frilled lizards
  7 kobolds
  5 rats
60 creatures vanquished.

Notes
Turn   | Place    | Note
-------+----------+-------------------------------------------
     0 | D:1      | solxrula the Troll Berserker began the quest for the Orb.
     0 | D:1      | Reached XP level 1. HP: 22/22 MP: 0/0
   185 | D:1      | Reached skill level 3 in Maces & Flails
   208 | D:1      | Reached XP level 2. HP: 25/29 MP: 1/1
   776 | D:2      | Reached XP level 3. HP: 36/36 MP: 2/2
   881 | D:2      | Reached ** piety under Trog
  1141 | D:2      | Reached XP level 4. HP: 44/44 MP: 3/3
  1167 | D:2      | Reached skill level 4 in Maces & Flails
  1462 | D:2      | Found an opulent altar of Gozag.
  1849 | D:3      | Reached XP level 5. HP: 53/53 MP: 4/4
  2125 | D:3      | Slain by a gnoll

Vault maps used:
D:1:      dpeg_arrival_round_c, serial_bayou_pond_c
D:2:      nicolae_overflow_crystal_walls
D:3:      led_sif_pool, marbit_many_paths

Skill      XL: |  1  2  3  4 |
---------------+-------------+-----
Maces & Flails | 3 4 |  4.7
Fighting       | 3 |  3.0
Dodging        | 3 |  3.1
Stealth        | |  0.1

Action                   |  1- 3 |  4- 6 || total
-------------------------+-------+-------++-------
Melee: Mace              |   130 |    90 ||   220
Invok: Berserk           |       |     3 ||     3
  Use: Scroll            |     2 |     4 ||     6
       Potion            |     2 |     1 ||     3
 Stab: Sleeping          |     1 |       ||     1
  Eat: Chunk             |    15 |    12 ||    27
Armor: Animal skin       |    42 |    30 ||    72
Dodge: Dodged            |    71 |    64 ||   135

Table legend:
 A = Spawn XP
 B = Non-spawn XP
 C = Spawn XP percentage of total XP
 D = Spawn monster count
 E = Non-spawn monster count
 F = Spawn count percentage of total count
 G = Total turns spent on level
                    A         B        C        D         E        F      G
               +---------+---------+-------+---------+---------+-------+---------
         Total |       0 |     265 |   0.0 |       0 |      60 |   0.0 |  2125
               +---------+---------+-------+---------+---------+-------+---------
           D:1 |       0 |      35 |   0.0 |       0 |      20 |   0.0 |   742
           D:2 |       0 |     127 |   0.0 |       0 |      20 |   0.0 |   975
           D:3 |       0 |     103 |   0.0 |       0 |      20 |   0.0 |   408
               +---------+---------+-------+---------+---------+-------+---------
